 Dungeon Crawl Stone Soup version 0.21-a0-39-g28ea6b7 (webtiles) character file.

1318 HAL9000 the Transmogrifier (level 8, -3/37 HPs)
             Began as a Vine Stalker Transmuter on May 30, 2017.
             Was an Initiate of Kikubaaqudgha.
             Slain by Menkaure (22 damage)
             ... on level 5 of the Dungeon.
             The game lasted 00:11:45 (4606 turns).

HAL9000 the Transmogrifier (VSTm)                   Turns: 4606, Time: 00:11:46

Health: -3/37      AC:  3    Str: 11 (13) XL:     8   Next: 59%
Magic:  0/12       EV: 11    Int: 12 (14) God:    Kikubaaqudgha [......]
Gold:   193        SH:  3    Dex: 14 (16) Spells: 5/11 levels left

rFire    . . .     SeeInvis .     - Unarmed
rCold    . . .     Gourm    .   f - +0 buckler
rNeg     . . .     Faith    .   b - +0 robe
rPois    .         Spirit   +   (no helmet)
rElec    .         Reflect  .   F - +0 cloak
rCorr    .         Harm     .   (no gloves)
MR       +....                  (no boots)
Stlth    +.........             (no amulet)
Regen    0.6/turn               g - ring of flight
MPRegen  0.2/turn               (no ring)

@: very slightly contaminated
A: fangs 3, regeneration 1, magic shield, antimagic bite, no potion heal 3, rot
immunity
a: Renounce Religion, Evoke Flight


You were on level 5 of the Dungeon.
You worshipped Kikubaaqudgha.
Kikubaaqudgha was noncommittal.
You were not hungry.

You visited 2 branches of the dungeon, and saw 6 of its levels.

You collected 193 gold pieces.

Inventory:

Missiles
 x - 15 arrows
Armour
 b - a +0 robe (worn)
 f - a +0 buckler (worn)
 F - a +0 cloak (worn)
Jewellery
 g - a ring of flight (left hand)
 J - an uncursed amulet of harm {unknown}
Wands
 t - a wand of paralysis (9/24)
 B - a wand of paralysis (9/24)
 I - a wand of acid (6/15)
Scrolls
 e - a scroll of enchant weapon {unknown}
 k - a scroll of fog {unknown}
 m - 2 scrolls of magic mapping
 n - 2 scrolls of remove curse {unknown}
 o - 4 scrolls of teleportation {unknown}
 p - 4 scrolls of identify {unknown}
 w - a scroll of fear {unknown}
 y - 3 scrolls of recharging {unknown}
Potions
 i - a potion of berserk rage {unknown}
 l - 2 potions of might {unknown}
 q - 2 potions of degeneration
 r - 3 potions of agility {unknown}
 s - 2 potions of flight {unknown}
 u - 3 potions of curing {unknown}
 v - 2 potions of haste
 z - a potion of ambrosia {unknown}
 C - a potion of mutation {unknown}
 D - a potion of cancellation {unknown}
 E - a potion of resistance {unknown}
 H - a potion of lignification {unknown}
Books
 c - a book of Changes

   Spells                             Type                      Level
   a - Beastly Appendage              Transmutation                1
   b - Sticks to Snakes               Transmutation                2
   c - Spider Form                    Transmutation/Poison         3
   d - Ice Form                       Ice/Transmutation            4
   e - Blade Hands                    Transmutation                5
Comestibles
 d - 3 bread rations
 h - 3 meat rations
 K - a chunk of flesh


   Skills:
 - Level 0.8 Fighting
 - Level 1.5 Dodging
 - Level 0.3 Shields
 + Level 6.5 Unarmed Combat
 - Level 2.1 Spellcasting
 * Level 8.6 Transmutations


You had 5 spell levels left.
You knew the following spells:

 Your Spells              Type           Power        Failure   Level  Hunger
a - Beastly Appendage     Tmut           ###...       1%          1    ##.....
b - Sticks to Snakes      Tmut           ###.....     1%          2    ###....
c - Spider Form           Tmut/Pois      ##........   22%         3    ####...


Dungeon Overview and Level Annotations

Branches:
Dungeon (5/15)             Temple (1/1) D:4

Altars:
Cheibriados
Dithmenos
Elyvilon
Hepliaklqana
Kikubaaqudgha
Makhleb
Nemelex Xobeh
Okawaru
Qazlal
Sif Muna
Trog
Uskayaw
Vehumet
Wu Jian

Annotations:
D:5 Menkaure


Innate Abilities, Weirdness & Mutations

You have razor-sharp teeth.
Your natural rate of healing is unusually fast.
When hurt, damage is shared between your health and your magic reserves.
Your bite disrupts and absorbs the magic of your enemies.
Potions cannot restore your health.
You are immune to rotting.


Message History

Casting: Sticks to Snakes
Confirm with . or Enter, or press ? or * to list all spells.
Okay, then.
It was a potion of degeneration.
There was something very wrong with that liquid.
You feel weakened.
You feel dopey.
You feel clumsy. You block Menkaure's attack.
Your ball python bites Menkaure but does no damage.
Your ball python grabs Menkaure.
Your ball python constricts Menkaure.
Your ball python bites Menkaure but does no damage.
Okay, then.
Drop what? 33/52 slots (_ for help) (? for menu, Esc to quit)
Okay, then.
Unknown command.
You hit Menkaure.
Menkaure is moderately damaged.
Menkaure hits you!!
Ouch! That really hurt!
You die...
Kikubaaqudgha rasps: "You have failed me!
Welcome... death!"

#######)####.#
#.p...).# #.#########
############..........
..........######## .##
.#######.p####...##...
#............#
##.##........#
#)##........#
..#@##........#
#.....M.........#
#..##.SS).......# $...
#######..#### ### #..#
##<.# #...# #.#.#
#.#.#


You could see Menkaure, a neutral freed slave (wandering) and 2 friendly ball
pythons.

Vanquished Creatures
  Pikel (D:5)
  Grinder (D:4)
  An ice beast (D:3)
  3 ogres
  2 howler monkeys (D:5)
  2 orc priests
  Terence (D:2)
  Jessica (D:2)
  An iguana (D:5)
  A howler monkey skeleton (D:4)
  5 adders
  3 worms
  4 dart slugs
  4 leopard geckos
  10 orcs
  8 bats
  5 giant cockroaches
  3 goblins
  6 hobgoblins
  6 jackals
  A quokka (D:3)
  4 frilled lizards
  9 kobolds
  7 rats
89 creatures vanquished.

Vanquished Creatures (collateral kills)
  2 worms (D:2)
  A jackal (D:2)
  A frilled lizard (D:2)
4 creatures vanquished.

Vanquished Creatures (others)
  An orc wizard (D:5)
  An orc (D:5)
2 creatures vanquished.

Grand Total: 95 creatures vanquished

Notes
Turn   | Place    | Note
-------+----------+-------------------------------------------
     0 | D:1      | HAL9000 the Vine Stalker Transmuter began the quest for the Orb.
     0 | D:1      | Reached XP level 1. HP: 9/9 MP: 4/4
   242 | D:1      | Reached XP level 2. HP: 9/14 MP: 6/6
   599 | D:1      | Reached XP level 3. HP: 12/17 MP: 7/7
  1400 | D:2      | Reached skill level 3 in Transmutations
  1471 | D:2      | Found a shadowy altar of Dithmenos.
  1526 | D:1      | Learned a level 2 spell: Sticks to Snakes
  2209 | D:2      | Gained mutation: Your natural rate of healing is unusually fast. [Vine Stalker growth]
  2209 | D:2      | Reached XP level 4. HP: 12/21 MP: 4/8
  2258 | D:2      | Noticed Terence
  2277 | D:2      | Killed Terence
  2497 | D:2      | Noticed Jessica
  2509 | D:2      | Killed Jessica
  2509 | D:2      | Reached skill level 4 in Transmutations
  2509 | D:2      | Reached XP level 5. HP: 24/25 MP: 7/9
  2702 | D:2      | Found an ornate altar of the Wu Jian Council.
  3061 | D:3      | Noticed an ice beast
  3139 | D:3      | Learned a level 3 spell: Spider Form
  3160 | D:3      | Found a deep blue altar of Sif Muna.
  3255 | D:3      | Killed an ice beast
  3255 | D:3      | Reached skill level 5 in Transmutations
  3255 | D:3      | Reached XP level 6. HP: 16/29 MP: 0/10
  3437 | D:4      | Found a staircase to the Ecumenical Temple.
  3437 | D:4      | Noticed Grinder
  3445 | Temple   | Entered the Ecumenical Temple
  3676 | Temple   | Became a worshipper of Kikubaaqudgha
  3797 | D:4      | Killed Grinder
  3797 | D:4      | Reached skill level 5 in Unarmed Combat
  3797 | D:4      | Reached skill level 6 in Transmutations
  3797 | D:4      | Reached XP level 7. HP: 25/32 MP: 1/11
  3964 | D:4      | HP: 1/32 [poisoned by an adder]
  4160 | D:4      | Found an iron altar of Okawaru.
  4452 | D:5      | Entered Level 5 of the Dungeon
  4519 | D:5      | Noticed Pikel
  4526 | D:5      | Reached skill level 7 in Transmutations
  4541 | D:5      | Killed Pikel
  4541 | D:5      | Reached skill level 8 in Transmutations
  4541 | D:5      | Gained mutation: You have razor-sharp teeth. [Vine Stalker growth]
  4541 | D:5      | Reached XP level 8. HP: 23/37 MP: 3/12
  4579 | D:5      | Noticed Menkaure
  4606 | D:5      | Slain by Menkaure

Vault maps used:
D:1:      nicolae_arrival_washed_ashore, minmay_misc_feat_x
D:2:      nicolae_dithmenos_shadow_blocks, marbit_many_paths, serial_aquarium,
          aquarium_bridge_straight, aquarium_window_1, aquarium_window_3,
          aquarium_window_fake, aquarium_window_corner, aquarium_view_2d,
          aquarium_view_2b, uniq_terence, uniq_jessica
D:3:      overflow_temple_1_default, hex_intersection
D:4:      old_standard_altar, minmay_temple_entry_statues_fountains,
          uniq_grinder
D:5:      doesnt_xom_only_xom, basic_altar,
          nicolae_ossuary_entry_false_entrances, first_bread,
          makhleb_altar_promises_db, uniq_menkaure, uniq_crazy_yiuf_cottage,
          uniq_pikel
Temple:   jpeg_temple_alley_garden

Skill      XL: |  1  2  3  4  5  6  7 |
---------------+----------------------+-----
Transmutations | 3 4 5 6 8 |  8.6
Unarmed Combat | 4 5 6 |  6.5
Fighting       | |  0.8
Dodging        | |  1.5
Shields        | |  0.3
Spellcasting   | |  2.1

Action                   |  1- 3 |  4- 6 |  7- 9 || total
-------------------------+-------+-------+-------++-------
Melee: Unarmed           |   111 |    90 |    87 ||   288
       Bite              |    27 |    25 |    11 ||    63
       Headbutt          |     5 |     2 |       ||     7
       Kick              |     1 |     4 |       ||     5
 Cast: Beastly Appendage |    15 |     4 |     1 ||    20
       Sticks to Snakes  |     6 |    14 |     2 ||    22
       Spider Form       |       |     3 |     3 ||     6
  Use: Scroll            |       |     1 |       ||     1
       Potion            |       |       |     1 ||     1
 Stab: Sleeping          |     1 |     1 |       ||     2
       Distracted        |       |     1 |     1 ||     2
  Eat: Chunk             |     5 |     5 |       ||    10
       Meat ration       |       |       |     1 ||     1
Armor: Robe              |    38 |    15 |     5 ||    58
       Skin              |       |     1 |     2 ||     3
Dodge: Dodged            |    73 |    60 |    32 ||   165
Block: Buckler           |    18 |    15 |     3 ||    36
